 Dungeon Crawl Stone Soup version 0.27-a0-1137-g3ef0f4ec91 (webtiles) character file.

Game seed: 4478881305572881500

0 kae the Skirmisher (level 1, -1/18 HPs)
             Began as a Demonspawn Abyssal Knight on May 6, 2021.
             Was a Follower of Lugonu.
             Killed from afar by a smoke demon (7 damage)
             ... with a sticky flame
             ... on level 1 of the Abyss.
             The game lasted 00:00:11 (72 turns).

kae the Skirmisher (Demonspawn Abyssal Knight)        Turns: 72, Time: 00:00:12

Health: -1/18      AC:  3    Str: 12    XL:     1   Next: 0%
Magic:  2/2        EV: 11    Int: 13    God:    Lugonu [*.....]
Gold:   0          SH:  0    Dex: 12    Spells: 0/0 levels left

rFire    . . .     SeeInvis .   a - +1 falchion
rCold    . . .     Faith    .   (no shield)
rNeg     . . .     Spirit   .   b - +0 leather armour
rPois    .         Reflect  .   (no helmet)
rElec    .         Harm     .   (no cloak)
rCorr    .         Rampage  .   (no gloves)
Will     .....                  (no boots)
Stlth    +.........             (no amulet)
HPRegen  0.06/turn              (no ring)
MPRegen  0.08/turn              (no ring)

@: on fire, glowing
A: no striking features
a: Renounce Religion, Depart the Abyss


You were on level 1 of the Abyss.
You worshipped Lugonu.
Lugonu was aware of your devotion.
You visited 0 branches of the dungeon, and saw 0 of its levels.
You visited the Abyss 1 time.

Inventory:

Hand Weapons
 a - a +1 falchion (weapon)
Armour
 b - a +0 leather armour (worn)


   Skills:
 - Level 3.0 Fighting
 + Level 1.7 Long Blades
 - Level 1.7 Armour
 - Level 0.8 Dodging
 - Level 2.4 Invocations


You couldn't memorise any spells.
You didn't know any spells.
Your spell library was empty.

Dungeon Overview and Level Annotations

Branches:
Dungeon (0/15)

Altars:


Message History

Welcome, kae the Demonspawn Abyssal Knight.
Will you prevail where others failed? Will you find the Orb of Zot?
Lugonu says: Depart the Abyss and spread corruption, my servant! (use the ability menu to exit the Abyss) Press ? for a list of commands and other information.
Found a corrupted altar of Lugonu.
Unknown command.
Press < or > to pray at altars.
Unknown command.
Press < or > to pray at altars.
Found a gateway leading deeper into the Abyss.
Found a gateway leading out of the Abyss.
Found 12 bolts.
Found a roughly hewn altar of Beogh.
A tentacled starspawn comes into view.
A smoke demon comes into view.
There are monsters nearby!
There are monsters nearby!
A sixfirhy comes into view.
A tentacle flies out from the starspawn's body!
A starspawn tentacle comes into view.
The smoke demon roars!
The smoke demon gestures at you. Something smites you!
Ouch! That really hurt!
Tentacles burst from the starspawn's body! 2 starspawn tentacles come into view.
The starspawn tentacle grabs you.
* * * LOW HITPOINT WARNING * * *
The starspawn tentacle constricts you.
Unknown command.
You escape the starspawn tentacle's grasp.
A large abomination comes into view.
A large abomination is nearby!
A large abomination is nearby!
The smoke demon gestures at you. The sticky flame hits you!
You are covered in liquid flames!
You die...

#.. ###...#. ### ## #.
...#...... .#.##...# .
........#.####..#.. .
.....#.....##.##....#.
.. #...#.3.##.....
##.#...#...#.#
#....#......##
#........##...#.#.. ..
.....#.@......X#
...#.#.###.###..#..#
....... ### ### . .###
#


You could see a large abomination and a smoke demon.

Vanquished Creatures (others)
  4 starspawn tentacles (Abyss:1)
4 creatures vanquished.

Notes
Turn   | Place    | Note
-------+----------+-------------------------------------------
     0 | Abyss:1  | kae the Demonspawn Abyssal Knight began the quest for the
                  | Orb.
     0 | Abyss:1  | Reached XP level 1. HP: 18/18 MP: 2/2
    46 | Abyss:1  | Noticed a tentacled starspawn
    46 | Abyss:1  | Noticed a smoke demon
    47 | Abyss:1  | Noticed a sixfirhy
    70 | Abyss:1  | Noticed a large abomination
    72 | Abyss:1  | Killed from afar by a smoke demon

Illustrated notes

Levels and vault maps discovered:
Abyss:1:  base: Temple, base:
Temple

Table legend: (Time is in decaauts)
 A = Elapsed time spent in this place.
 B = Non-inter-level travel time spent in this place.
 C = Inter-level travel time spent in this place.
 D = Time resting spent in this place.
 E = Time spent auto-exploring this place.
 F = Levels seen in this place.
 G = Mean time per level.
                   A        B        C        D        E       F      G
               +--------+--------+--------+--------+--------+-----+--------+
         Total |     72 |     72 |      0 |      0 |     49 |   1 |   72.0 |
         Abyss |     72 |     72 |      0 |      0 |     49 |   1 |   72.0 |
               +--------+--------+--------+--------+--------+-----+--------+

Top non-repeatable levels by time:
 Abyss:1: 72 daAuts
